AoeStats
← willrhyd

Nomad

509635908Analyzed
4v4 RM · 5d ago on Sep 27, 2026· 42m 44s· 8 players
Game mode
Random Map
Map size
231×231
Population
200
Speed
Normal
Resources
Standard
Victory
Conquest
Starting age
Dark Age
Ending age
Imperial Age
RankedLock teamsTeams togetherTeam positionsShared explorationLock speedFull tech treeHidden civsTurbo modeCheats
Victory
Defeat
🇨🇳 Tatars · China
1471
+16
🇲🇴 Byzantines · Macao SAR China
1447
+17
🇰🇷 Vikings · South Korea
1447
+17
🇻🇳 Koreans · Vietnam
1417
+18
🇲🇽 Wei · Mexico
1521
-19
🇦🇷 Cumans · Argentina
1469
-17
🇭🇺 Persians · Hungary
1467
-17
🇬🇧 Saracens · United Kingdom
1422
-15
屁屁人
6:11 Loom
13:29 Feudal Age
18:51 Castle Age
17:38 Double-Bit Axe
18:29 Gold Mining
19:44 Bow Saw
21:51 Scale Barding Armor
27:00 Fishing Lines
31:06 Gold Shaft Mining
31:25 Gillnets
35:39 Forging
37:36 Arson
37:51 Squires
43:38 Imperial Age
41:44 Wheelbarrow
41:58 Horse Collar
Andrew
11:49 Feudal Age
12:38 Double-Bit Axe
12:51 Loom
16:48 Fletching
17:01 Town Watch
21:49 Castle Age
21:19 Fishing Lines
22:40 Bow Saw
23:38 Medium Warships
24:50 Gillnets
35:49 Imperial Age
38:38 Imperial Age
37:15 Bodkin Arrow
42:34 Gold Mining
曾经沧海难为水
14:06 Feudal Age
18:30 Castle Age
16:26 Double-Bit Axe
18:56 Horse Collar
19:28 Bow Saw
20:08 Loom
21:50 Forging
21:46 Scale Barding Armor
29:16 Herbal Medicine
32:26 Heavy Plow
33:12 Scale Barding Armor
33:45 Iron Casting
35:19 Gold Mining
43:56 Imperial Age
43:29 Chain Barding Armor
kkkkk1231231
11:49 Loom
15:19 Feudal Age
15:50 Double-Bit Axe
16:14 Fishing Lines
21:46 Castle Age
19:40 Gold Mining
19:43 Stone Mining
20:45 Gold Mining
20:41 Horse Collar
22:20 Wheelbarrow
22:45 Bow Saw
25:05 Gold Shaft Mining
26:02 Hand Cart
25:40 Town Watch
30:05 Imperial Age
28:04 Fletching
29:25 Stone Shaft Mining
28:50 Treadmill Crane
29:35 Bodkin Arrow
29:48 Thumb Ring
30:05 Ballistics
31:07 Bracer
32:34 Chemistry
31:16 Elite War Wagon
32:22 Conscription
32:07 Husbandry
31:59 Elite War Wagon
AM | DEMONIO_MX
5:37 Loom
13:53 Feudal Age
17:42 Castle Age
16:21 Double-Bit Axe
19:15 Bow Saw
19:33 Bloodlines
20:00 Forging
20:26 Husbandry
21:23 Scale Barding Armor
21:33 Gold Mining
23:02 Horse Collar
28:13 Iron Casting
27:42 Heavy Plow
28:18 Wheelbarrow
29:06 Stone Mining
30:44 Chain Barding Armor
35:58 Imperial Age
37:44 Blast Furnace
36:05 Heavy Hei Guang Cavalry
41:27 Conscription
willrhyd
4:21 Loom
14:33 Feudal Age
18:10 Castle Age
16:36 Double-Bit Axe
16:52 Fletching
17:15 Gold Mining
18:54 Bodkin Arrow
18:29 Crossbowman
21:49 Padded Archer Armor
22:35 Town Watch
28:45 Bow Saw
28:21 Horse Collar
36:25 Imperial Age
35:24 Gold Shaft Mining
35:30 Ballistics
37:04 Wheelbarrow
37:05 Leather Archer Armor
37:09 Bracer
38:11 Chemistry
38:44 Thumb Ring
39:20 Arbalester
AJR86
5:17 Loom
13:58 Feudal Age
17:30 Castle Age
15:38 Fishing Lines
15:47 Double-Bit Axe
17:54 Horse Collar
19:54 Bow Saw
19:47 Heavy Plow
25:28 Scale Barding Armor
29:39 Forging
30:16 Fletching
32:46 Wheelbarrow
38:42 Imperial Age
40:33 Imperial Age
38:22 Hand Cart
39:22 Bodkin Arrow
40:22 Chain Barding Armor
41:09 Bloodlines
41:59 Heavy Camel Rider
Nasper
7:30 Loom
13:33 Feudal Age
13:57 Fishing Lines
15:06 Double-Bit Axe
16:33 Fletching
19:33 Horse Collar
22:40 Castle Age
27:38 Bow Saw
33:30 Bodkin Arrow
35:40 Padded Archer Armor
37:33 Town Watch
40:38 Bloodlines
Connection lost

Rejoining the realm…

Still unreachable

The connection could not be restored.

Session expired

The server has moved on; the page needs a fresh start.